AoeStats
← LaBrioche41

Arabia

510493024Analyzed
1v1 RM · 1d ago on Oct 1, 2026· 121m 27s· 2 players
Game mode
Random Map
Map size
Tiny (2 player)
Population
200
Speed
Normal
Resources
Standard
Victory
Conquest
Starting age
Dark Age
Ending age
Imperial Age
RankedLock teamsTeams togetherTeam positionsShared explorationLock speedFull tech treeHidden civsTurbo modeCheats
Victory
Defeat
🇪🇸 Khitans · Spain
390
+13
🇦🇺 Romans · Australia
323
-13
LaBrioche41
8:43 Loom
13:05 Feudal Age
13:31 Double-Bit Axe
13:30 Horse Collar
13:44 Gold Mining
13:48 Stone Mining
17:52 Man-at-Arms
20:17 Wheelbarrow
20:39 Forging
20:30 Scale Mail Armor
26:02 Castle Age
27:06 Bow Saw
27:03 Heavy Plow
28:20 Gold Shaft Mining
28:48 Chain Mail Armor
29:09 Iron Casting
27:59 Pikeman
28:00 Long Swordsman
28:41 Squires
30:31 Fervor
35:14 Imperial Age
35:48 Ballistas
37:42 Crop Rotation
37:29 Legionary
37:56 Halberdier
38:59 Hand Cart
40:36 Blast Furnace
39:58 Block Printing
40:14 Illumination
39:53 Devotion
40:49 Fortified Wall
41:10 Ballistics
41:51 Chemistry
40:49 Murder Holes
47:51 Siege Engineers
49:33 Elite Centurion
51:59 Heavy Scorpion
54:33 Conscription
54:40 Comitatenses
59:05 Redemption
68:01 Scale Barding Armor
68:45 Guilds
Oklaf74
0:27 Loom
13:52 Feudal Age
14:23 Double-Bit Axe
15:16 Wheelbarrow
14:32 Domestication
26:42 Gold Mining
28:13 Forging
28:04 Scale Mail Armor
28:12 Scale Barding Armor
27:58 Fletching
30:36 Castle Age
33:23 Hand Cart
33:28 Bow Saw
33:01 Light Cavalry
33:42 Husbandry
34:11 Chain Barding Armor
34:28 Iron Casting
34:10 Chain Mail Armor
33:51 Bodkin Arrow
34:43 Pastoralism
37:20 Squires
37:06 Gambesons
50:14 Imperial Age
48:52 Lamellar Armor
51:45 Plate Barding Armor
51:41 Plate Mail Armor
51:14 Bracer
51:58 Conscription
52:03 Ordo Cavalry
53:27 Hussar
53:52 Elite Fire Lancer
54:20 Capped Ram
58:03 Siege Ram
88:47 Spies/Treason
99:13 Elite Liao Dao
Connection lost

Rejoining the realm…

Still unreachable

The connection could not be restored.

Session expired

The server has moved on; the page needs a fresh start.